 Dungeon Crawl Stone Soup version 0.31-a0-187-gba352fbbf7 (webtiles) character file.

Game seed: 9256711452682971432

94 qw the Shooter (level 4, -2/25 HPs)
             Began as a Deep Elf Hunter on June 22, 2023.
             Slain by Terence
             ... wielding a +0 flail
              (9 damage)
             ... on level 2 of the Dungeon.
             The game lasted 00:00:31 (1194 turns).

qw the Shooter (Deep Elf Hunter)                    Turns: 1194, Time: 00:00:31

Health: -2/25      AC:  5    Str: 10    XL:     4   Next: 38%
Magic:  6/6        EV: 11    Int: 14    God:
Gold:   55         SH:  0    Dex: 18    Spells: 3/3 levels left

rFire   . . .        Y - +0 shortbow
rCold   . . .        (shield currently unavailable)
rNeg    . . .        g - +0 ring mail
rPois   .            (no helmet)
rElec   .            (no cloak)
rCorr   .            (no gloves)
SInv    .            (no boots)
Will    .....        (no amulet)
Stlth   +            (no ring)
HPRegen 0.24/turn    (no ring)
MPRegen 0.10/turn

%: no passive effects
@: no status effects
A: no striking features
a: no special abilities


You were on level 2 of the Dungeon.
You visited 1 branch of the dungeon, and saw 2 of its levels.

You collected 55 gold pieces.


   Skills:
 - Level 1.5 Fighting
 + Level 7.8 Ranged Weapons
 - Level 2.4 Dodging
 - Level 1.2 Stealth


You had 3 spell levels left.
You didn't know any spells.
Your spell library was empty.

Inventory:

Hand Weapons
 Y - a +0 shortbow (weapon)
Armour
 g - a +0 ring mail (worn)
Scrolls
 a - 2 scrolls of identify
 c - a scroll of blinking {unknown}
Potions
 b - a potion of mutation {unknown}
 d - a potion of degeneration {unknown}
 f - a potion of lignification {unknown}

Dungeon Overview and Level Annotations

Branches:
Dungeon (2/15)

Altars:

Shops:
D:1 !

Annotations:
D:2 Terence


Message History

The adder is heavily wounded.
You shoot an arrow. The arrow hits the adder!
You kill the adder!
c - a scroll labelled AWUSOI XAGG
Enter note:
Enter note: You now have 55 gold pieces (gained 5).
A goblin comes into view. It is wielding a +0 dagger.
Found a stone staircase leading down.
Enter note:
Enter note: You shoot an arrow.
The arrow hits the goblin!
You kill the goblin!
A goblin comes into view. It is wielding a +0 club.
Enter note:
Enter note: You shoot an arrow.
The arrow hits the goblin.
The goblin shouts!
The goblin is heavily wounded.
You shoot an arrow. The arrow hits the goblin.
You kill the goblin!
Terence the Incautious comes into view.
He is wielding a +0 flail and wearing a +0 ring mail of fire resistance.
You shoot an arrow. The arrow barely misses Terence.
Terence shouts!
You hear a shout!
Terence drinks a potion.
Terence flickers and vanishes!
Deactivating autopickup; reactivate with Ctrl-A.
You hear a shout!
You shoot an arrow. You shoot an arrow. You shoot an arrow. You shoot an arrow.
Something hits you!
You shoot an arrow. Something hits you!
You shoot an arrow. Something completely misses you. Something hits you.
You shoot an arrow. Something hits you!
You die...

.... ...)#####
...>..... #......#
#.....)# #......+
#.....{# #+##
#.....@####..#####
#................#
#
#.........[......#
##
#####............#
##. #######......#
##.# #......# #.#.
#......# #.#
#......# #.#.
#......####.#


There were no monsters in sight!

Vanquished Creatures
  A gnoll (D:1)
  2 adders (D:2)
  3 worms (D:2)
  A dart slug (D:2)
  7 endoplasms
  3 giant cockroaches
  6 goblins
  3 hobgoblins (D:1)
  6 kobolds
  2 quokkas (D:1)
  4 ball pythons
  5 bats
  2 frilled lizards
  6 rats
51 creatures vanquished.

Notes
Turn   | Place    | Note
-------+----------+-------------------------------------------
     0 | D:1      | qw the Deep Elf Hunter began the quest for the Orb.
     0 | D:1      | Reached XP level 1. HP: 12/12 MP: 3/3
     0 | D:1      | 0 ||| qw: Version: 0.3-a-9-g12657ce
     0 | D:1      | 0 ||| qw: Game counter: 2413
     0 | D:1      | 0 ||| qw: Always use a shield: true
     0 | D:1      | 0 ||| qw: God list: Okawaru
     0 | D:1      | 0 ||| qw: Allow faded altars: false
     0 | D:1      | 0 ||| qw: Do Orc after D:15 true
     0 | D:1      | 0 ||| qw: Do second Lair branch before Depths: true
     0 | D:1      | 0 ||| qw: Lair rune preference: random
     0 | D:1      | 0 ||| qw: Plans: Normal
     0 | D:1      | 0 ||| PLANNING D:1-11
    71 | D:1      | Reached skill level 6 in Ranged Weapons
    71 | D:1      | Reached XP level 2. HP: 16/16 MP: 4/4
   513 | D:1      | Reached XP level 3. HP: 20/20 MP: 5/5
   614 | D:1      | Found Rivuemyat's Distillery.
   624 | D:1      | 624 ||| SHOPLISTING 2 potions of curing (60 gold, have 28).
   624 | D:1      | 624 ||| SHOPLISTING 2 potions of might (80 gold, have 28).
   624 | D:1      | 624 ||| SHOPLISTING potion of curing (30 gold, have 28).
   624 | D:1      | 624 ||| SHOPLISTING potion of enlightenment (50 gold, have
                  | 28).
   624 | D:1      | 624 ||| SHOPLISTING potion of heal wounds (50 gold, have
                  | 28).
   850 | D:1      | 850 ||| UPGRADING to +0 ring mail.
   860 | D:1      | 860 ||| DROPPING +0 leather armour.
   861 | D:1      | 861 ||| READING scroll labelled SUS DEUCVY.
   862 | D:1      | 862 ||| DROPPING scroll of butterflies.
   890 | D:2      | Reached skill level 7 in Ranged Weapons
  1105 | D:2      | Reached XP level 4. HP: 25/25 MP: 6/6
  1186 | D:2      | Noticed Terence
  1194 | D:2      | Slain by Terence

Levels and vault maps discovered:
D:1:      eino_arrival_cavern_e, layout_loops_corners, serial_shops, shop,
          minmay_tetromino_i4
D:2:      minmay_inner_zag, layout_basic, uniq_terence

Skill      XL: |  1  2  3 |
---------------+----------+-----
Ranged Weapons | 6 7 |  7.8
Fighting       | |  1.5
Dodging        | |  2.4
Stealth        | |  1.2

Action                     |  1- 3 |  4- 6 || total
---------------------------+-------+-------++-------
   Fire: Shortbow          |   101 |    29 ||   130
    Use: Scroll            |     1 |       ||     1
 Armour: Ring mail         |     4 |       ||     4
         Leather armour    |     1 |       ||     1
  Dodge: Dodged            |    11 |     1 ||    12

Table legend:
 A = Non-vault XP
 B = Vault XP
 C = Vault XP percentage of total XP
 D = Non-vault monster count
 E = Vault monster count
 F = Vault count percentage of total count
                 A         B        C        D         E       F
            +---------+---------+-------+---------+---------+-------
      Total |     113 |      22 |  16.3 |      44 |       7 |  13.7
            +---------+---------+-------+---------+---------+-------
        D:1 |      57 |       3 |   5.0 |      26 |       2 |   7.1
        D:2 |      56 |      19 |  25.3 |      18 |       5 |  21.7
            +---------+---------+-------+---------+---------+-------
